 Dungeon Crawl Stone Soup version 0.20.1-1-g8b1a95d (webtiles) character file.

53 jmlagarto the Slasher (level 3, -2/30 HPs)
             Began as a Merfolk Berserker on Sept 17, 2017.
             Was a Follower of Trog.
             Slain by a gnoll
             ... wielding a +0 club
              (5 damage)
             ... on level 2 of the Dungeon.
             The game lasted 00:02:09 (1017 turns).

jmlagarto the Slasher (Merfolk Berserker)           Turns: 1017, Time: 00:02:10

Health: -2/30      AC: 10    Str: 18    XL:     3   Next: 89%
Magic:  3/3        EV: 11    Int:  6    God:    Trog [*.....]
Gold:   41         SH:  0    Dex: 18    Spells: 2/2 levels left

rFire    . . .     SeeInvis .   a - +0 falchion
rCold    . . .     Gourm    .   (no shield)
rNeg     . . .     Faith    .   l - +0 plate armour
rPois    .         Spirit   .   (no helmet)
rElec    .         Reflect  .   (no cloak)
rCorr    .         Harm     .   (no gloves)
MR       .....                  (no boots)
Stlth    ..........             (no amulet)
Regen    0.1/turn               (no ring)
MPRegen  0.1/turn               (no ring)

@: agile, berserk cooldown, slowed, very slow
A: change form in water, swift swim, stealthy swim
a: Berserk, Burn Spellbooks, Renounce Religion


You were on level 2 of the Dungeon.
You worshipped Trog.
Trog was aware of your devotion.
You were very hungry.

You visited 1 branch of the dungeon, and saw 2 of its levels.

You collected 41 gold pieces.

Inventory:

Hand Weapons
 a - a +0 falchion (weapon)
Armour
 b - a +0 animal skin
 l - a +0 plate armour (worn)
Jewellery
 o - an uncursed ring of wizardry {unknown}
Scrolls
 d - 4 scrolls of identify {unknown}
 h - 2 scrolls of blinking {unknown}
 k - a scroll of recharging {unknown}
 p - a scroll of remove curse {unknown}
 q - a scroll of teleportation {unknown}
Potions
 f - a potion of haste {unknown}
 i - a potion of resistance {unknown}
 j - a potion of curing {unknown}
 n - a potion of heal wounds {unknown}
 r - a potion of lignification {unknown}
Comestibles
 c - 2 bread rations
 g - 7 fruits
 m - a meat ration


   Skills:
 + Level 3.9 Fighting
 + Level 4.1 Long Blades
 + Level 1.8 Armour
 + Level 3.0 Dodging
 + Level 0.5 Stealth


You had 2 spell levels left.
You didn't know any spells.

Dungeon Overview and Level Annotations

Branches:
Dungeon (2/15)

Altars:


Message History

The ooze hits you but does no damage. The gnoll hits you but does no damage.
You closely miss the gnoll. The ooze hits you.
* * * LOW HITPOINT WARNING * * *
The gnoll hits you but does no damage. The ooze hits you but does no damage.
You closely miss the gnoll. The gnoll closely misses you.
The ooze hits you but does no damage. The gnoll hits you with a club.
* * * LOW HITPOINT WARNING * * *
You hit the gnoll.
The gnoll is lightly wounded.
The ooze hits you.
* * * LOW HITPOINT WARNING * * *
The gnoll hits you but does no damage. The ooze barely misses you.
You riposte.
You hit the ooze.
The ooze is moderately wounded.
Okay, then.
It was a potion of agility.
You feel agile all of a sudden. The gnoll hits you but does no damage.
The ooze hits you but does no damage. The gnoll hits you with a club.
You die...

.. .. .. #.##. #...
#.#.. #.#. #.#.# #...
#.#.# #..##.#.#
#.......# . #.....#
... ####)@.#.....
#...Jg)......
##.###.##.....
##..##.........
#...).....##...
######..####........
##.......# #........
.....###..####.......
#....................


You could see a gnoll and an ooze.

Vanquished Creatures
  3 gnolls (D:2)
  A dart slug (D:1)
  A leopard gecko (D:1)
  A giant cockroach (D:1)
  3 goblins (D:1)
  2 hobgoblins (D:1)
  A bat (D:1)
  3 frilled lizards (D:1)
  6 kobolds (D:1)
  A rat (D:1)
22 creatures vanquished.

Notes
Turn   | Place    | Note
-------+----------+-------------------------------------------
     0 | D:1      | jmlagarto the Merfolk Berserker began the quest for the Orb.
     0 | D:1      | Reached XP level 1. HP: 18/18 MP: 1/1
   414 | D:1      | Reached XP level 2. HP: 22/24 MP: 2/2
   904 | D:1      | Reached XP level 3. HP: 30/30 MP: 3/3
  1012 | D:2      | Reached skill level 4 in Long Blades
  1017 | D:2      | Slain by a gnoll

Skill      XL: |  1  2  3 |
---------------+----------+-----
Dodging        | 3 |  3.0
Long Blades    | 4 |  4.1
Fighting       | |  3.9
Armour         | |  1.8
Stealth        | |  0.5

Action                   || total
-------------------------++-------
Melee: Falchion          ||    68
Invok: Berserk           ||     1
  Use: Potion            ||     1
Armor: Animal skin       ||     4
       Plate armour      ||    41
Dodge: Dodged            ||    53
       Rpst.: Falchion   ||    17
